Map: Ever Dream LE

Players

Silky - Winner!

  • Race: Zerg Zerg
  • Spawn Location: 7:00

FireFoX

  • Race: Zerg Zerg
  • Spawn Location: 1:00

Event: DreamHack SC2 Masters 2020 Summer North America

VOD

Have the link to the VOD?

Description

Time

  • Played on: July 3, 2020, 3:18 p.m.
  • Length: 6:26

All games in this series

Show
View Real Time Build Order
Export as new Build Order

Silky Zerg - Winner!

Build Orders: Pool First 

Get SALT Encoding   

  12  0:01  Drone  
  13  0:12  Overlord  
  13  0:17  Drone  
  14  0:31  Drone x2  
  16  0:40  Spawning Pool  
  15  0:44  Drone  
  15  0:47  Drone  
  17  1:07  Hatchery  
  17  1:10  Drone  
  17  1:24  Extractor  
  16  1:27  Zergling x6  
  16  1:30  Queen  
  21  1:38  Overlord  
  21  1:46  Spine Crawler  
  20  1:50  Zergling x2  
  21  2:06  Queen  
  23  2:09  Zergling x2  
  24  2:17  Baneling Nest  
  23  2:27  Queen  
  24  2:30  Zergling x2  
  24  2:37  Zergling x4  
  25  2:47  Zergling x4  
  22  3:01  Baneling x2  
  22  3:05  Drone  
  24  3:12  Drone  
  24  3:13  Drone  
  24  3:18  Drone  
  26  3:22  Drone  
  26  3:26  Drone  
  28  3:32  Drone  
  29  3:35  Drone  
  29  3:43  Drone x2  
  31  3:49  Drone  
  31  3:51  Drone  
  31  3:54  Drone  
  33  3:59  Metabolic Boost  
  33  4:02  Drone  
  34  4:07  Drone  
  35  4:12  Overlord  
  35  4:26  Hatchery  
  35  4:30  Drone x2  
  34  4:37  Roach Warren  
  33  4:40  Zergling x2  
  33  4:41  Zergling x2  
  33  4:43  Zergling x2  
  36  4:46  Zergling x2  
  36  4:50  Drone x2  
  39  4:55  Overlord  
  39  4:58  Drone  
  40  5:01  Drone  
  40  5:02  Drone  
  42  5:12  Overlord  
  42  5:27  Drone x3  
  45  5:29  Roach x3  
  45  5:32  Overlord  
  45  5:34  Roach x3  
  57  5:40  Drone x2  
  57  5:41  Evolution Chamber  
  58  5:46  Overlord  
  58  5:49  Roach  
  59  5:59  Roach x3  
  59  6:00  Roach x2  
  59  6:03  Roach  
  70  6:08  Zergling x2  
Show
View Real Time Build Order
Export as new Build Order

FireFoX Zerg 

Build Orders: 1 Base Baneling Bust, Pool First 

Get SALT Encoding   

  12  0:01  Drone  
  13  0:07  Extractor  
  12  0:24  Spawning Pool  
  11  0:29  Drone  
  13  0:35  Drone  
  13  0:47  Overlord  
  14  1:11  Metabolic Boost, Zergling x6  
  16  1:22  Zergling x2  
  17  1:28  Baneling Nest  
  16  1:33  Zergling x2  
  17  1:44  Zergling x2  
  18  1:57  Zergling x2  
  19  2:06  Zergling x2  
  20  2:13  Baneling x2  
  20  2:16  Zergling x2  
  21  2:25  Baneling x2  
  21  2:28  Zergling x2  
  22  2:38  Baneling  
  22  2:49  Zergling x2  
  22  2:50  Zergling x2  
  15  3:06  Drone  
  15  3:10  Drone  
  17  3:13  Hatchery  
  16  3:24  Drone  
  17  3:28  Queen  
  17  3:32  Drone  
  20  3:44  Drone  
  21  3:52  Baneling  
  21  3:53  Zergling x2  
  19  4:03  Zergling x2  
  20  4:14  Extractor, Queen  
  20  4:15  Overlord  
  22  4:28  Zergling x4  
  23  4:35  Overlord  
  23  4:37  Zergling x2  
  24  4:46  Zergling x2  
  24  4:49  Zergling x2  
  26  4:58  Zergling x4  
  28  5:09  Zergling x4  
  29  5:21  Zergling x4  
  29  5:22  Zergling x2  
  32  5:32  Zergling x4  
  32  5:33  Zergling x4  
  36  5:36  Overlord  
  36  5:49  Overlord  
  36  5:57  Zergling x6  
  36  5:58  Baneling x2  
  36  5:59  Baneling x4  
  36  6:01  Zergling x4  
  40  6:06  Zergling x2  
  40  6:07  Zergling x2  
Tags
 
Add a new tag
Caveats
  • Supply blocks, unpowered buildings, or Contaminate may cause inaccurate times.
  • Supply counts are checked every 10 seconds.